 Dungeon Crawl Stone Soup version 0.29.0-4-gdea44cf6ec (webtiles) character file.

Game seed: 15485475687065548762

45 qw the Chopper (level 3, -1/21 HPs)
             Began as a Tengu Warper on Aug 28, 2022.
             Slain by a gnoll
             ... wielding a +0 spear
              (2 damage)
             ... on level 2 of the Dungeon.
             The game lasted 00:00:07 (1297 turns).

qw the Chopper (Tengu Warper)                       Turns: 1297, Time: 00:00:08

Health: -1/21      AC:  3    Str: 13    XL:     3   Next: 64%
Magic:  7/7        EV: 12    Int: 13    God:
Gold:   89         SH:  0    Dex: 13    Spells: 6/6 levels left

rFire   . . .      SeeInvis .   Y - +0 hand axe
rCold   . . .      Faith    .   (no shield)
rNeg    . . .      Spirit   .   b - +0 leather armour
rPois   .          Reflect  .   (helmet restricted)
rElec   .          Harm     .   (no cloak)
rCorr   .          Rampage  .   (no gloves)
Will    .....                   (boots unavailable)
Stlth   +.........              (no amulet)
HPRegen 0.07/turn               (no ring)
MPRegen 0.10/turn               (no ring)

@: no status effects
A: beak, talons 3
a: no special abilities


You were on level 2 of the Dungeon.
You visited 1 branch of the dungeon, and saw 2 of its levels.

You collected 89 gold pieces.


Innate Abilities, Weirdness & Mutations

You have a beak for a mouth.
You have claws for feet.


   Skills:
 - Level 2.0 Fighting
 + Level 4.3 Axes
 - Level 1.0 Throwing
 - Level 1.1 Armour
 - Level 2.1 Dodging
 - Level 2.0 Spellcasting
 - Level 2.4 Translocations


You had 6 spell levels left.
You didn't know any spells.
Your spell library contained the following spells:

 Spells                   Type           Power      Damage    Failure   Level
 Blink                    Tloc           14%        N/A       19%         2
 Gell's Gravitas          Tloc           7%         N/A       36%         3
 Lesser Beckoning         Tloc           7%         N/A       36%         3
 Teleport Other           Tloc           7%         N/A       36%         3
 Manifold Assault         Tloc           7%         N/A       98%         5

Inventory:

Hand Weapons
 d - a +0 whip
 Y - a +0 hand axe (weapon)
Armour
 b - a +0 leather armour (worn)
 k - a +0 plate armour
Scrolls
 a - a scroll of butterflies {unknown}
 h - 3 scrolls of identify
 j - a scroll of teleportation {unknown}
Potions
 c - a potion of magic {unknown}
 e - a potion of curing {unknown}
 f - a potion of brilliance {unknown}
 g - a potion of cancellation {unknown}
 i - 2 potions of heal wounds

Dungeon Overview and Level Annotations

Branches:
Dungeon (2/15)

Altars:


Message History

The adder misses you. The adder bites you but does no damage.
You hit the adder.
You kill the adder!
You start resting.
HP restored.
You see here an adder corpse.
A frilled lizard comes into view.
Found 10 gold pieces.
The frilled lizard hisses angrily.
The frilled lizard hisses.
Enter note: The frilled lizard hisses.
You hit the frilled lizard.
You kill the frilled lizard!
You now have 70 gold pieces (gained 15).
You now have 80 gold pieces (gained 10).
You see here a +1 leather armour of fire resistance.
Enter note: You see here a +1 leather armour of fire resistance.
You now have 89 gold pieces (gained 9).
A gnoll comes into view. It is wielding a +0 flail.
Enter note: The gnoll shouts!
A gnoll comes into view. It is wielding a +0 club.
A gnoll comes into view. It is wielding a +0 spear.
Found an orange potion.
The gnoll shouts! x2
Found 9 gold pieces.
The gnoll hits you with a +0 flail.
The gnoll hits you from afar with a +0 spear.
You hit the gnoll.
The gnoll is moderately wounded.
You hit the gnoll. The gnoll misses you. The gnoll hits you with a +0 flail.
The gnoll misses you.
You closely miss the gnoll. You claw the gnoll. You peck the gnoll.
The gnoll is severely wounded.
You barely miss the gnoll. The gnoll hits you with a +0 club!
The gnoll hits you from afar with a +0 spear.
You die...

#%..........##
............########
.....#.............#
.......##........###
......####...#####
......###.....#
......##......##########
.........###...#.g......
. .##........@g...... .
....#####..B.g..!.. . ##
#!#......$. .
#.#.$...... .
#.#.^...... .
....##..... ..... .....
...... .....


You could see 3 gnolls and a giant cockroach.

Vanquished Creatures
  2 adders (D:2)
  3 dart slugs
  A ball python (D:1)
  4 endoplasms
  3 goblins (D:1)
  2 hobgoblins
  4 kobolds
  2 bats
  A frilled lizard (D:2)
  A rat (D:2)
23 creatures vanquished.

Vanquished Creatures (others)
  2 plants (D:1)
2 creatures vanquished.

Grand Total: 25 creatures vanquished

Notes
Turn   | Place    | Note
-------+----------+-------------------------------------------
     0 | D:1      | qw the Tengu Warper began the quest for the Orb.
     0 | D:1      | Reached XP level 1. HP: 12/12 MP: 4/4
     0 | D:1      | 0 ||| qw: Version: 0.1-a-89-g26bdef1
     0 | D:1      | 0 ||| qw: Game counter: 303
     0 | D:1      | 0 ||| qw: Always use a shield: true
     0 | D:1      | 0 ||| qw: God list: Okawaru
     0 | D:1      | 0 ||| qw: Allow faded altars: false
     0 | D:1      | 0 ||| qw: Do Orc after D:15 true
     0 | D:1      | 0 ||| qw: Do second Lair branch before Depths: true
     0 | D:1      | 0 ||| qw: Lair rune preference: random
     0 | D:1      | 0 ||| qw: Plans: Normal
     0 | D:1      | 0 ||| PLANNING D:1-11
    35 | D:1      | 35 ||| Stepping ~*~*~tactically~*~*~ (hiding).
   187 | D:1      | Reached XP level 2. HP: 16/17 MP: 6/6
   221 | D:1      | Reached skill level 3 in Axes
   364 | D:1      | 364 ||| Stepping ~*~*~tactically~*~*~ (stealth).
   501 | D:1      | 501 ||| Stepping ~*~*~tactically~*~*~ (stealth).
   742 | D:1      | 742 ||| DROPPING orb of light.
   743 | D:1      | 743 ||| READING scroll labelled TULUQA WEWI.
   744 | D:1      | 744 ||| READING 2 scrolls labelled QISHRE TEAGIYR.
   745 | D:1      | 745 ||| DRINKING 3 murky black potions.
   746 | D:1      | 746 ||| DROPPING scroll of blinking.
   852 | D:2      | 852 ||| Stepping ~*~*~tactically~*~*~ (hiding).
   927 | D:2      | 927 ||| FLEEEEING.
   968 | D:2      | 968 ||| DROPPING +0 club.
   989 | D:2      | Reached skill level 4 in Axes
   989 | D:2      | Reached XP level 3. HP: 21/21 MP: 7/7
  1297 | D:2      | HP: 1/21 [gnoll/+0 club (7)]
  1297 | D:2      | Slain by a gnoll

Levels and vault maps discovered:
D:1:      wander_arrival_fairy_ring, layout_rooms
D:2:      layout_rooms, shapermc_ecumenical_altar_starsandcircs,
          nicolae_figureground_pulse

Skill      XL: |  1  2 |
---------------+-------+-----
Axes           | 4 |  4.3
Fighting       | |  2.0
Throwing       | |  1.0
Armour         | |  1.1
Dodging        | |  2.1
Spellcasting   | |  2.0
Translocations | |  2.4

Action                   || total
-------------------------++-------
Melee: Hand axe          ||    57
       Kick              ||    17
       Peck              ||     6
       Punch             ||     1
Throw: Boomerang         ||     7
  Use: Scroll            ||     2
       Potion            ||     1
Armor: Leather armour    ||     8
Dodge: Dodged            ||    28

Table legend:
 A = Non-vault XP
 B = Vault XP
 C = Vault XP percentage of total XP
 D = Non-vault monster count
 E = Vault monster count
 F = Vault count percentage of total count
                 A         B        C        D         E       F
            +---------+---------+-------+---------+---------+-------
      Total |      65 |       0 |   0.0 |      23 |       0 |   0.0
            +---------+---------+-------+---------+---------+-------
        D:1 |      20 |       0 |   0.0 |      11 |       0 |   0.0
        D:2 |      45 |       0 |   0.0 |      12 |       0 |   0.0
            +---------+---------+-------+---------+---------+-------
